 Dungeon Crawl Stone Soup version 0.23.2 (webtiles) character file.

Game seed: 7909253976150570644

7652 Kairos the Covert (level 10, -2/51 HPs)
             Began as a Spriggan Assassin on Apr 8, 2019.
             Was a Follower of Uskayaw.
             Slain by a four-headed hydra (16 damage)
             ... on level 2 of the Lair of Beasts.
             The game lasted 00:44:42 (15926 turns).

Kairos the Covert (Spriggan Assassin)              Turns: 15926, Time: 00:44:44

Health: -2/51      AC: 11    Str:  7    XL:     10   Next: 99%
Magic:  9/12       EV: 27    Int: 13    God:    Uskayaw [*.....]
Gold:   612        SH:  8    Dex: 21    Spells: 8/11 levels left

rFire    . . .     SeeInvis +   C - +2 dagger (venom)
rCold    . . .     Gourm    .   e - +0 buckler
rNeg     . . .     Faith    .   c - +0 robe
rPois    .         Spirit   .   (helmet restricted)
rElec    .         Reflect  .   d - +1 cloak
rCorr    .         Harm     .   (gloves unavailable)
MR       +....                  (boots unavailable)
Stlth    ++++++....             (no amulet)
HPRegen  0.17/turn              w - +4 ring of protection
MPRegen  0.13/turn              x - +3 ring of protection

@: starving, very quick
A: very small, unfitting armour, see invisible, herbivore, speed 3, slow
metabolism 2
a: Stomp, Renounce Religion


You were on level 2 of the Lair of Beasts.
You worshipped Uskayaw.
Uskayaw was noncommittal.
You were starving.

You visited 3 branches of the dungeon, and saw 11 of its levels.

You collected 612 gold pieces.

Inventory:

Hand Weapons
 a - a +1 vampiric scimitar
 b - a +0 blowgun
 m - a +0 rapier
 C - a +2 dagger of venom (weapon)
 F - a +0 vampiric dagger
Missiles
 h - 2 curare-tipped needles
 n - 30 poisoned needles
 p - 7 tomahawks (quivered)
Armour
 c - a +0 robe (worn)
 d - a +1 cloak (worn)
 e - a +0 buckler (worn)
Jewellery
 q - an uncursed ring of poison resistance
 u - a +3 ring of protection
 v - an uncursed ring of magical power
 w - a +4 ring of protection (left hand)
 x - a +3 ring of protection (right hand)
 D - an uncursed ring of protection from fire
Wands
 f - a wand of acid (7)
 o - a wand of flame (7)
 z - a wand of enslavement (4)
 G - a wand of random effects (25)
Scrolls
 k - 5 scrolls of teleportation
 l - 2 scrolls of fear
 r - a scroll of immolation {unknown}
 t - 3 scrolls of magic mapping
 y - 2 scrolls of remove curse
 A - a scroll of enchant weapon {unknown}
 B - a scroll of holy word {unknown}
 E - a scroll of enchant armour
 I - a scroll of summoning {unknown}
 K - a scroll of identify
 L - a scroll of amnesia
 M - a scroll of fog
Potions
 i - 9 potions of curing
 j - a potion of berserk rage
 s - 5 potions of haste
 H - a potion of mutation {unknown}
 J - a potion of flight {unknown}
Comestibles
 g - 16 rations


   Skills:
 + Level 4.5 Fighting
 + Level 8.3 Short Blades
 + Level 7.2 Throwing
 + Level 10.2 Dodging
 + Level 12.6 Stealth
 + Level 5.1 Shields
 * Level 1.1 Spellcasting
 * Level 0.6 Charms
 * Level 0.2 Necromancy
 * Level 0.3 Invocations
 + Level 1.5 Evocations


You had 8 spell levels left.
You knew the following spells:

 Your Spells              Type           Power        Failure   Level  Hunger
a - Regeneration          Chrm/Necr      #.........   63%         3    ####...

Your spell library contained the following spells:

 Spells                   Type           Power        Failure   Level  Hunger
 Animate Skeleton         Necr           N/A          28%         1    ##.....
 Pain                     Necr           #...         28%         1    ##.....
 Vampiric Draining        Necr           #.........   65%         3    ####...
 Animate Dead             Necr           N/A          96%         4    #####..


Dungeon Overview and Level Annotations

Branches:
Dungeon (8/15)             Temple (1/1) D:5            Lair (2/6) D:8
 Spider (0/4) Lair:2
  Swamp: Lair:2-4    Shoals: Lair:2-4

Altars:
Ashenzari
Cheibriados
Dithmenos
Elyvilon
Fedhas
Gozag
Hepliaklqana
Kikubaaqudgha
Makhleb
Nemelex Xobeh
Okawaru
Qazlal
Ru
Sif Muna
Trog
Uskayaw
Vehumet
Wu Jian
Xom
Yredelemnul
Zin
The Shining One
Lugonu

Annotations:
D:2 exclusion: oklob plant
D:4 1 runed translucent door


Innate Abilities, Weirdness & Mutations

You are very small and have problems with some larger weapons.
You are too small for most types of armour.
You have supernaturally acute eyesight. (SInv)
You are a herbivore.
You cover ground extremely quickly.
You need to consume almost no food.


Message History

The four-headed hydra misses you.
You block the four-headed hydra's attack.
The four-headed hydra bites you but does no damage.
The four-headed hydra completely misses you.
You barely miss the four-headed hydra.
The four-headed hydra is moderately wounded.
The four-headed hydra barely misses you.
The four-headed hydra bites you but does no damage.
The four-headed hydra completely misses you.
You block the four-headed hydra's attack.
You hit the four-headed hydra.
The four-headed hydra looks as sick as possible!
The four-headed hydra is heavily wounded.
You hit the four-headed hydra.
The four-headed hydra is heavily wounded.
You are starving!
You block the four-headed hydra's attack.
The four-headed hydra completely misses you.
The four-headed hydra bites you!
You die...

.P# #............. ....... #
#............. #.......#.
#.............
##........####.........††..
#...........#..............
##.........#...#...........
#.............#..........##
###............##.#P.........
#.#.........@..#######..####.
#.........D.### #### #.
#...........# ####
#......<÷.## #... #.........#
#... ##......#####......#
##.. ##....P# ..........#
##.. ##....###.........##
#... #...###P..........#####.


You could see a four-headed hydra.

Vanquished Creatures
  Pikel (D:6)
  A spiny frog (Lair:1)
  A rime drake (Lair:2)
  2 komodo dragons (Lair:1)
  Grinder (D:5)
  3 hippogriffs (Lair:2)
  2 redbacks (Lair:2)
  A hungry ghost (D:6)
  Menkaure (D:5)
  4 water moccasins
  4 porcupines
  Purgy (D:3)
  A phantom (D:8)
  5 orc warriors
  4 ice beasts
  5 ogres
  4 centaurs
  5 crocodiles
  5 bullfrogs
  A water moccasin skeleton (D:8)
  4 scorpions
  A wight (D:6)
  3 crimson imps
  A centaur zombie (D:5)
  2 bullfrog zombies
  6 jellies
  2 orc priests
  7 hounds
  7 orc wizards
  A centaur skeleton (D:4)
  Jessica (D:1)
  3 iguanas
  Ijyb (D:2)
  4 worker ants
  A hound skeleton (D:5)
  4 gnolls
  2 howler monkey skeletons (D:7)
  9 adders
  5 oozes (D:8)
  2 adder zombies
  An adder skeleton (D:5)
  4 worms
  6 leopard geckos
  22 orcs
  2 ball pythons
  6 giant cockroaches
  6 goblins
  5 hobgoblins
  9 jackals
  2 quokkas (D:6)
  10 bats
  4 frilled lizards
  7 kobolds
  4 rats
206 creatures vanquished.

Vanquished Creatures (others)
  A centaur (D:6)
  A scorpion (D:6)
  2 crimson imps (D:6)
  A worker ant (D:6)
  A worker ant zombie (D:6)
  2 orcs (D:6)
  A plant (Lair:1)
9 creatures vanquished.

Grand Total: 215 creatures vanquished

Notes
Turn   | Place    | Note
-------+----------+-------------------------------------------
     0 | D:1      | Kairos the Spriggan Assassin began the quest for the Orb.
     0 | D:1      | Reached XP level 1. HP: 10/10 MP: 2/2
    62 | D:1      | You fall through a shaft!
    66 | D:2      | Found a faded altar of an unknown god.
   129 | D:1      | Reached skill level 6 in Stealth
   387 | D:1      | Found a shattered altar of Ashenzari.
   529 | D:1      | Reached XP level 2. HP: 14/14 MP: 3/3
   901 | D:2      | Reached skill level 7 in Stealth
  1042 | D:2      | Reached XP level 3. HP: 18/18 MP: 4/4
  1098 | D:2      | Noticed Jessica
  1461 | D:1      | Killed Jessica
  1461 | D:1      | Reached XP level 4. HP: 6/23 MP: 5/5
  2230 | D:2      | Found a sparkling altar of Nemelex Xobeh.
  2437 | D:2      | Found a basalt altar of Yredelemnul.
  2557 | D:2      | Found a blossoming altar of Fedhas.
  2582 | D:2      | Noticed an oklob plant
  2648 | D:2      | Reached XP level 5. HP: 19/26 MP: 6/6
  2762 | D:3      | Noticed Ijyb
  3461 | D:2      | Killed Ijyb
  3687 | D:3      | Found an ornate altar of the Wu Jian Council.
  3788 | D:3      | Found a stormy altar of Qazlal.
  3789 | D:3      | Noticed a water elemental
  3791 | D:3      | Noticed an air elemental
  3791 | D:3      | Noticed a fire elemental
  4119 | D:3      | Noticed Purgy
  4229 | D:3      | Killed Purgy
  4229 | D:3      | Reached skill level 5 in Throwing
  4229 | D:3      | Reached XP level 6. HP: 23/32 MP: 7/7
  5167 | D:3      | Found a deep blue altar of Sif Muna.
  5302 | D:4      | Found a white marble altar of Elyvilon.
  5384 | D:4      | Found a glowing golden altar of the Shining One.
  5384 | D:4      | Found a runed translucent door.
  5384 | D:4      | Noticed an angel
  5458 | D:4      | You fall through a shaft!
  5458 | D:5      | Entered Level 5 of the Dungeon
  5470 | D:5      | Noticed Menkaure
  5505 | D:5      | Noticed Grinder
  5659 | D:5      | Reached XP level 7. HP: 32/35 MP: 8/8
  5780 | D:5      | Found a glowing silver altar of Zin.
  5809 | D:5      | Reached skill level 1 in Shields
  5910 | D:4      | Found a glowing golden altar of the Shining One.
  5910 | D:4      | Found a snail-covered altar of Cheibriados.
  6119 | D:4      | Found a radiant altar of Vehumet.
  6119 | D:4      | Found a burning altar of Makhleb.
  6123 | D:4      | Reached skill level 8 in Stealth
  6327 | D:5      | Killed Grinder
  6327 | D:5      | Reached skill level 9 in Stealth
  6327 | D:5      | Reached XP level 8. HP: 40/40 MP: 9/9
  6348 | D:5      | Found a staircase to the Ecumenical Temple.
  6708 | D:5      | Killed Menkaure
  6810 | Temple   | Entered the Ecumenical Temple
  7477 | D:6      | Reached skill level 5 in Dodging
  7771 | D:6      | Found a shattered altar of Ashenzari.
  7774 | D:6      | Noticed Pikel
  7917 | D:6      | Killed Pikel
  7917 | D:6      | Reached skill level 5 in Short Blades
  7917 | D:6      | Reached skill level 1 in Evocations
  8289 | D:6      | Reached XP level 9. HP: 41/44 MP: 11/11
  8529 | D:6      | Reached skill level 10 in Stealth
  8638 | D:6      | Found an opulent altar of Gozag.
  8639 | D:6      | Found a hide-covered altar of Uskayaw.
  8859 | D:7      | Noticed a gargoyle
 10728 | D:6      | Became a worshipper of Uskayaw the Reveler
 11202 | D:8      | Reached * piety under Uskayaw
 11222 | D:8      | Reached ** piety under Uskayaw
 11241 | D:8      | Reached skill level 11 in Stealth
 11241 | D:8      | Reached *** piety under Uskayaw
 11249 | D:8      | Reached **** piety under Uskayaw
 11548 | D:8      | Reached XP level 10. HP: 49/49 MP: 12/12
 11902 | D:8      | Found a staircase to the Lair.
 12384 | D:8      | Found an iron altar of Okawaru.
 13108 | Lair:1   | Entered Level 1 of the Lair of Beasts
 13108 | Lair:1   | Noticed a spiny frog
 13124 | Lair:1   | Noticed a spiny frog
 13768 | Lair:1   | Killed a spiny frog
 14286 | Lair:1   | Reached skill level 12 in Stealth
 14426 | Lair:1   | You fall through a shaft!
 14910 | Lair:2   | Reached skill level 10 in Dodging
 14910 | Lair:2   | Reached skill level 5 in Shields
 15191 | Lair:2   | Found a hole to the Spider Nest.
 15231 | Lair:2   | Noticed a four-headed hydra
 15240 | Lair:2   | Learned a level 3 spell: Regeneration
 15605 | Lair:2   | Reached skill level 1 in Spellcasting
 15926 | Lair:2   | Slain by a four-headed hydra

Skill      XL: |  1  2  3  4  5  6  7  8  9 10 |
---------------+-------------------------------+-----
Stealth        | 6 7 9 11 12 | 12.6
Throwing       | 3 5 6 7 |  7.2
Fighting       | 2 3 4 |  4.5
Dodging        | 2 3 4 6 8 10 | 10.2
Short Blades   | 3 5 7 8 |  8.3
Shields        | 1 3 4 5 |  5.1
Evocations     | 1 |  1.5
Spellcasting   | 1 |  1.1
Charms         | |  0.6
Necromancy     | |  0.2
Invocations    | |  0.3

Action                   |  1- 3 |  4- 6 |  7- 9 | 10-12 || total
-------------------------+-------+-------+-------+-------++-------
Melee: Dagger            |    63 |   130 |   767 |   413 ||  1373
 Fire: Blowgun           |    56 |   108 |    47 |    10 ||   221
Throw: Tomahawk          |       |     1 |       |       ||     1
Invok: Stomp             |       |       |       |     1 ||     1
Evoke: Wand              |       |       |     8 |       ||     8
  Use: Scroll            |     1 |       |     7 |     5 ||    13
       Potion            |       |       |       |     2 ||     2
 Stab: Sleeping          |     4 |     6 |    17 |    10 ||    37
       Distracted        |       |     1 |     3 |     3 ||     7
       Paralysed         |       |       |     1 |     2 ||     3
       Invisible         |       |       |       |     3 ||     3
  Eat: Ration            |       |     1 |     5 |     4 ||    10
Armor: Robe              |    15 |    18 |    68 |    36 ||   137
Dodge: Dodged            |    72 |   107 |   392 |   245 ||   816
Block: Buckler           |    10 |    46 |   180 |   115 ||   351
